 Dungeon Crawl Stone Soup version 0.27.1-1-g398f81649c (webtiles) character file.

Game seed: 2276829214046953493

56 MisterFreud the Shield-Bearer (level 3, -1/35 HPs)
             Began as a Gnoll Fighter on Sept 6, 2021.
             Was a Follower of Sif Muna.
             Slain by a gnoll (3 damage)
             ... on level 2 of the Dungeon.
             The game lasted 00:01:28 (1061 turns).

MisterFreud the Shield-Bearer (Gnoll Fighter)       Turns: 1061, Time: 00:01:29

Health: -1/35      AC:  7    Str: 15    XL:     3   Next: 95%
Magic:  4/4        EV:  8    Int:  8    God:    Sif Muna [*.....]
Gold:   41         SH: 10    Dex: 11    Spells: 4/4 levels left

rFire    . . .     SeeInvis .   a - +0 rapier
rCold    . . .     Faith    .   c - +0 kite shield
rNeg     . . .     Spirit   .   b - +0 scale mail
rPois    .         Reflect  .   (no helmet)
rElec    .         Harm     .   (no cloak)
rCorr    .         Rampage  .   (no gloves)
Will     .....                  (no boots)
Stlth    ..........             (no amulet)
HPRegen  0.11/turn              (no ring)
MPRegen  0.09/turn              (no ring)

@: mighty, flying
A: fangs 1, strong nose, distributed training
a: Renounce Religion, Channel Magic


You were on level 2 of the Dungeon.
You worshipped Sif Muna.
Sif Muna was aware of your devotion.
You visited 1 branch of the dungeon, and saw 2 of its levels.

You collected 41 gold pieces.

Inventory:

Hand Weapons
 a - a +0 rapier (weapon)
Missiles
 f - 17 poisoned darts (quivered)
Armour
 b - a +0 scale mail (worn)
 c - a +0 kite shield (worn)
Potions
 d - 2 potions of might


   Skills:
 + Level 6.5 Fighting
 + Level 4.6 Short Blades
 + Level 1.0 Long Blades
 + Level 1.0 Axes
 + Level 1.0 Maces & Flails
 + Level 1.0 Polearms
 + Level 1.0 Staves
 + Level 1.0 Slings
 + Level 1.0 Bows
 + Level 1.0 Crossbows
 + Level 1.0 Throwing
 + Level 6.5 Armour
 + Level 1.0 Dodging
 + Level 1.0 Stealth
 + Level 6.5 Shields
 + Level 1.0 Unarmed Combat
 + Level 1.0 Spellcasting
 + Level 0.7 Conjurations
 + Level 0.7 Hexes
 + Level 0.7 Summonings
 + Level 0.7 Necromancy
 + Level 0.7 Translocations
 + Level 0.7 Transmutations
 + Level 0.7 Fire Magic
 + Level 0.7 Ice Magic
 + Level 0.7 Air Magic
 + Level 0.7 Earth Magic
 + Level 0.7 Poison Magic
 + Level 1.0 Invocations
 + Level 1.0 Evocations


You had 4 spell levels left.
You didn't know any spells.
Your spell library was empty.

Dungeon Overview and Level Annotations

Branches:
Dungeon (2/15)

Altars:
Sif Muna

Shops:
D:1 =   D:2 [


Innate Abilities, Weirdness & Mutations

You have very sharp teeth.
Your uncanny sense of smell can sniff out nearby items.
Your experience applies equally to all skills.


Message History

You puncture the gnoll!
You kill the gnoll!
Sif Muna accepts your kill. The gnoll hits you but does no damage.
Your Invocations skill increases to level 1!
It was a potion of flight.
You feel very buoyant.
You fly up into the air.
You block the gnoll's attack.
It was a potion of magic.
Magic courses through your body.
The gnoll hits you from afar with a +0 spear.
* * * LOW HITPOINT WARNING * * *
The gnoll hits you from afar with a +0 spear.
* * * LOW HITPOINT WARNING * * *
The gnoll hits you with a +0 spear.
* * * LOW HITPOINT WARNING * * *
You feel very mighty all of a sudden. You block the gnoll's attack. x2
You closely miss the gnoll. Your bite misses the gnoll.
The gnoll is heavily wounded.
You block the gnoll's attack. x2
You hit the gnoll.
You kill the gnoll!
Sif Muna accepts your kill. You block the gnoll's attack.
Your Long Blades skill increases to level 1!
Your Axes skill increases to level 1!
Your Maces & Flails skill increases to level 1!
Your Polearms skill increases to level 1!
Your Staves skill increases to level 1!
Your Slings skill increases to level 1!
Your Bows skill increases to level 1!
Your Crossbows skill increases to level 1!
Your Throwing skill increases to level 1!
Your Dodging skill increases to level 1!
Your Stealth skill increases to level 1!
Your Unarmed Combat skill increases to level 1!
Your Spellcasting skill increases to level 1!
Your Evocations skill increases to level 1!
Unknown command.
The gnoll hits you with a +0 spear.
You die...

#...##........#####.##
.....................#
#...##.#####..#####.##
#...# # #........#
##.... #..#######
#.### #..# .# #..#
.########..######
...........gg@..#
...........######
#########..# #..# #..#
####


You could see 2 gnolls.

Vanquished Creatures
  2 gnolls (D:2)
  2 dart slugs (D:1)
  A bat (D:2)
  An endoplasm (D:1)
  2 goblins (D:1)
  3 hobgoblins (D:1)
  7 jackals
  A quokka (D:1)
  2 ball pythons (D:1)
  3 frilled lizards
  3 kobolds
  3 rats (D:1)
30 creatures vanquished.

Notes
Turn   | Place    | Note
-------+----------+-------------------------------------------
     0 | D:1      | MisterFreud the Gnoll Fighter began the quest for the Orb.
     0 | D:1      | Reached XP level 1. HP: 23/23 MP: 1/1
    54 | D:1      | Reached XP level 2. HP: 23/29 MP: 2/2
   346 | D:1      | Found a faded altar of an unknown god.
   460 | D:1      | Became a worshipper of Sif Muna the Loreminder
   460 | D:1      | Reached * piety under Sif Muna
   517 | D:1      | Reached XP level 3. HP: 35/35 MP: 3/3
   695 | D:1      | Found Luxkumob's Jewellery Shop.
   923 | D:2      | Found Gism's Armour Shoppe.
  1054 | D:2      | Reached skill level 1 in Invocations
  1061 | D:2      | Reached skill level 1 in Long Blades
  1061 | D:2      | Reached skill level 1 in Axes
  1061 | D:2      | Reached skill level 1 in Maces & Flails
  1061 | D:2      | Reached skill level 1 in Polearms
  1061 | D:2      | Reached skill level 1 in Staves
  1061 | D:2      | Reached skill level 1 in Slings
  1061 | D:2      | Reached skill level 1 in Bows
  1061 | D:2      | Reached skill level 1 in Crossbows
  1061 | D:2      | Reached skill level 1 in Throwing
  1061 | D:2      | Reached skill level 1 in Dodging
  1061 | D:2      | Reached skill level 1 in Stealth
  1061 | D:2      | Reached skill level 1 in Unarmed Combat
  1061 | D:2      | Reached skill level 1 in Spellcasting
  1061 | D:2      | Reached skill level 1 in Evocations
  1061 | D:2      | Slain by a gnoll

Illustrated notes

Levels and vault maps discovered:
D:1:      minmay_arrival_plants_in_alcoves, layout_basic,
          ebering_ecumenical_altar_mist, serial_shops, shop
D:2:      layout_basic, serial_shops, shop, minmay_liquid_box,
          hangedman_decor_push, small_statue_intersection,
          minmay_misc_feat_four_crosses, hangedman_decor_diamond_cutter

Skill      XL: |  1  2  3 |
---------------+----------+-----
Invocations    | 1 |  1.0
Long Blades    | 1 |  1.0
Axes           | 1 |  1.0
Maces & Flails | 1 |  1.0
Polearms       | 1 |  1.0
Staves         | 1 |  1.0
Slings         | 1 |  1.0
Bows           | 1 |  1.0
Crossbows      | 1 |  1.0
Throwing       | 1 |  1.0
Dodging        | 1 |  1.0
Stealth        | 1 |  1.0
Unarmed Combat | 1 |  1.0
Spellcasting   | 1 |  1.0
Evocations     | 1 |  1.0
Fighting       | |  6.5
Short Blades   | |  4.6
Armour         | |  6.5
Shields        | |  6.5
Conjurations   | |  0.7
Hexes          | |  0.7
Summonings     | |  0.7
Necromancy     | |  0.7
Translocations | |  0.7
Transmutations | |  0.7
Fire Magic     | |  0.7
Ice Magic      | |  0.7
Air Magic      | |  0.7
Earth Magic    | |  0.7
Poison Magic   | |  0.7

Action                   || total
-------------------------++-------
Melee: Rapier            ||    73
       Bite              ||     4
  Use: Potion            ||     3
Armor: Scale mail        ||    23
Dodge: Dodged            ||    20
Block: Kite shield       ||    42
